 Dungeon Crawl Stone Soup version 0.29-a0-982-gaed3a0c8d8 (webtiles) character file.

Game seed: 11500032688691208511

46 ragingrage the Ruffian (level 3, -5/34 HPs)
             Began as a Naga Monk on Aug 1, 2022.
             Killed by nerve-wracking pain
             ... invoked by Grinder
              (13 damage)
             ... on level 3 of the Dungeon.
             The game lasted 00:01:57 (1841 turns).

ragingrage the Ruffian (Naga Monk)                  Turns: 1841, Time: 00:01:57

Health: -5/34      AC:  6    Str: 15    XL:     3   Next: 66%
Magic:  0/3        EV:  2    Int: 10    God:
Gold:   48         SH:  0    Dex: 13    Spells: 2/2 levels left

rFire   . . .      SeeInvis +   a - +3 dagger (venom)
rCold   . . .      Faith    .   (no shield)
rNeg    . . .      Spirit   +   e - +0 plate armour
rPois   +          Reflect  .   (no helmet)
rElec   .          Harm     .   (no cloak)
rCorr   .          Rampage  .   (no gloves)
Will    .....                   (no barding)
Stlth   ..........              g - amulet of guardian spirit
HPRegen 0.11/turn               (no ring)
MPRegen 0.08/turn               (no ring)

@: very slow
A: AC +1, large, see invisible, deformed body, poison resistance, slowness 2,
spit poison 1, naga tail 1
a: Spit Poison


You were on level 3 of the Dungeon.
You visited 1 branch of the dungeon, and saw 3 of its levels.

You collected 48 gold pieces.

Inventory:

Hand Weapons
 a - a +3 dagger of venom (weapon)
Armour
 e - a +0 plate armour (worn)
Jewellery
 g - an amulet of guardian spirit (around neck)
Scrolls
 c - a scroll of silence {unknown}
 d - a scroll of noise {unknown}
 f - 5 scrolls of identify {unknown}
 h - a scroll of fog {unknown}
 j - a scroll of brand weapon {unknown}
Potions
 b - a potion of ambrosia


   Skills:
 + Level 3.5 Fighting
 - Level 2.4 Dodging
 - Level 3.0 Stealth
 + Level 4.1 Unarmed Combat


You had 2 spell levels left.
You didn't know any spells.
Your spell library contained the following spells:

 Spells                   Type           Power      Damage    Failure   Level
 Necrotise                Necr           0%         1d4       100%        1
 Vampiric Draining        Necr           0%         2d6       100%        3
 Agony                    Necr           0%         N/A       100%        5


Dungeon Overview and Level Annotations

Branches:
Dungeon (2/15)

Altars:

Annotations:
D:3 Grinder


Innate Abilities, Weirdness & Mutations

Your serpentine skin is tough. (AC +1)
You have supernaturally acute eyesight. (SInv)
Armour fits poorly on your strangely shaped body.
Your system is resistant to poisons. (rPois)
You cover ground very slowly.
You can spit poison.
You have a snake-like lower body.


Message History

Aiming: Spit Poison (2% risk of failure)
Press: ? - help, Shift-Dir - straight line, f - Grinder
Aim: Grinder (54% to hit)
The splash of poison hits Grinder.
Grinder completely resists.
Grinder gestures at you. Pain shoots through your body!
You aren't carrying any items that you can evoke.
Okay, then.
It was a potion of curing.
You feel better. The ball python bites you.
You completely miss the ball python.
You have got your breath back.
Grinder grins, showing sharp teeth.
The ball python bites you.
You closely miss the ball python. You punch the ball python.
You kill the ball python!
You closely miss Grinder. Grinder hits you.
You hit Grinder.
Grinder is lightly wounded.
Grinder rolls her eyes.
Grinder gestures at you.
You suddenly lose the ability to move!
Grinder gestures at you. You resist with significant effort.
A hobgoblin comes into view.
Grinder hits you!
You writhe in agony.
You can move again.
Unknown command.
Unknown command.
Unknown command.
You hit Grinder.
Grinder is lightly wounded.
Grinder hits you.
* * * LOW HITPOINT WARNING * * *
You writhe in agony.
* * * LOW HITPOINT WARNING * * *
You hit Grinder.
Grinder is lightly wounded.
Grinder gestures at you. Pain shoots through your body!
You die...

# ## .#
#.# #.
:..#. #.#S
...
#.#.######
#..g5@...#
###.####.#
#. #.# #.
#.# .. #.#
## #.# #.#
#.# #.#


You could see Grinder and a hobgoblin.

Vanquished Creatures
  An adder (D:2)
  A dart slug (D:1)
  4 ball pythons
  2 bats (D:2)
  A giant cockroach (D:1)
  4 hobgoblins
  6 jackals (D:1)
  5 kobolds
  2 quokkas (D:2)
  A frilled lizard (D:2)
  2 rats
29 creatures vanquished.

Vanquished Creatures (others)
  3 withered plants (D:1)
3 creatures vanquished.

Grand Total: 32 creatures vanquished

Notes
Turn   | Place    | Note
-------+----------+-------------------------------------------
     0 | D:1      | ragingrage the Naga Monk began the quest for the Orb.
     0 | D:1      | Reached XP level 1. HP: 21/21 MP: 1/1
    57 | D:1      | Found a faded altar of an unknown god.
   291 | D:1      | Reached XP level 2. HP: 28/28 MP: 2/2
   716 | D:1      | Reached XP level 3. HP: 21/34 MP: 3/3
  1507 | D:2      | Reached skill level 4 in Unarmed Combat
  1824 | D:2      | You fall into a shaft and drop 1 floor!
  1830 | D:3      | Noticed Grinder
  1837 | D:3      | Paralysed by Grinder for 3 turns
  1841 | D:3      | Killed from afar by Grinder

Illustrated notes

Levels and vault maps discovered:
D:1:      roderic_crop_circles_arrival_small, layout_basic,
          ebering_ecumenical_altar_petrified
D:2:      layout_loops_corners, minmay_fountain_box
D:3:      layout_loops_ring, uniq_grinder, uniq_ijyb

Skill      XL: |  1  2  3 |
---------------+----------+-----
Unarmed Combat | 4 |  4.1
Fighting       | |  3.5
Dodging        | |  2.4
Stealth        | |  3.0

Action                   || total
-------------------------++-------
Melee: Unarmed           ||    25
       Punch             ||     2
       Dagger            ||    43
 Abil: Spit Poison       ||    17
  Use: Potion            ||     2
 Stab: Sleeping          ||     1
Armor: Robe              ||     3
       Plate armour      ||    35
Dodge: Dodged            ||     7

Table legend: (Time is in decaauts)
 A = Elapsed time spent in this place.
 B = Non-inter-level travel time spent in this place.
 C = Inter-level travel time spent in this place.
 D = Time resting spent in this place.
 E = Time spent auto-exploring this place.
 F = Levels seen in this place.
 G = Mean time per level.
                   A        B        C        D        E       F      G
               +--------+--------+--------+--------+--------+-----+--------+
         Total |   2296 |   2176 |    120 |    130 |   1773 |   3 |  765.3 |
       Dungeon |   2296 |   2176 |    120 |    130 |   1773 |   3 |  765.3 |
               +--------+--------+--------+--------+--------+-----+--------+

Top non-repeatable levels by time:
     D:1: 1738 daAuts
     D:2: 537 daAuts
     D:3: 19 daAuts
